 Dungeon Crawl Stone Soup version 0.31-a0-702-gf82c85558f (webtiles) character file.

Game seed: 18263050811587737009

58 qw the Shooter (level 4, -2/28 HPs)
             Began as a Gargoyle Hunter on Sept 7, 2023.
             Slain by Natasha (6 damage)
             ... on level 3 of the Dungeon.
             The game lasted 00:00:31 (1301 turns).

qw the Shooter (Gargoyle Hunter)                    Turns: 1301, Time: 00:00:31

Health: -2/28      AC:  6    Str: 14    XL:     4   Next: 1%
Magic:  4/4        EV: 11    Int: 10    God:
Gold:   23         SH:  0    Dex: 15    Spells: 3/3 levels left

rFire   . . .        Y - +1 shortbow
rCold   . . .        (shield currently unavailable)
rNeg    + . .        c - +0 leather armour
rPois   inf          (no helmet)
rElec   +            (no cloak)
rCorr   .            (no gloves)
SInv    .            (no boots)
Will    .....        (no amulet)
Stlth   ++           (no ring)
HPRegen 1.04/turn    (no ring)
MPRegen 0.09/turn

%: clarity
@: no status effects
A: sickness immunity, AC +3, negative energy resistance 1, electricity
resistance, torment resistance 1, petrification resistance, clarity,
regeneration 1, screaming 1, evolution 1
a: no special abilities


You were on level 3 of the Dungeon.
You visited 1 branch of the dungeon, and saw 3 of its levels.

You collected 23 gold pieces.


Innate Abilities, Weirdness & Mutations

You are immune to sickness and miasma.
Your stone body is resilient. (AC +3)
You are immune to poison.
You resist negative energy. (rN+)
You are resistant to electric shocks. (rElec)
You are resistant to unholy torment.
You are immune to petrification.
You possess an exceptional clarity of mind.
Your natural rate of healing is unusually fast.
You occasionally shout uncontrollably at your foes.
You have hidden genetic potential.


   Skills:
 - Level 3.0 Fighting
 + Level 5.1 Ranged Weapons
 - Level 1.5 Dodging
 - Level 1.1 Stealth


You had 3 spell levels left.
You didn't know any spells.
Your spell library was empty.

Inventory:

Hand Weapons
 Y - a +1 shortbow (weapon)
Armour
 c - a +0 leather armour (worn)
Potions
 a - a potion of haste {unknown}
 b - a potion of invisibility {unknown}
 d - a potion of curing {unknown}

Dungeon Overview and Level Annotations

Branches:
Dungeon (3/15)

Altars:

Shops:
D:1 *[

Annotations:
D:3 Natasha


Message History

The cerulean imp hits you but does no damage.
Natasha mumbles some strange words.
The cerulean imp barely misses you. x2
1294 |||
Found retreat position at 7,0 (floor) with 0 blocking monsters and 3 monsters attacking at destination at distance 7
1294 ||| Stepping ~*~*~tactically~*~*~ (retreating).
The cerulean imp hits you but does no damage.
You shoot an arrow. The arrow hits the cerulean imp.
The cerulean imp is severely wounded.
The cerulean imp completely misses you.
The cerulean imp hits you from afar with a +2 spear.
You shoot an arrow. The arrow hits the cerulean imp.
The cerulean imp is almost dead.
The cerulean imp hits you but does no damage. x2
The cerulean imp misses you.
The cerulean imp hits you from afar with a +0 spear.
You shoot an arrow.
The arrow closely misses the cerulean imp.
The cerulean imp disappears in a puff of smoke!
The cerulean imp hits you with a +2 spear.
The cerulean imp barely misses you.
The cerulean imp hits you with a +2 spear.
You shoot an arrow. The arrow hits the cerulean imp.
You kill the cerulean imp!
The cerulean imp disappears in a puff of smoke!
Natasha misses you. The cerulean imp misses you.
You shoot an arrow. The arrow barely misses Natasha.
The arrow hits the cerulean imp.
The cerulean imp is moderately wounded.
Natasha claws you. The cerulean imp closely misses you.
Natasha closely misses you.
You shoot an arrow. The arrow barely misses Natasha.
The arrow hits the cerulean imp.
The cerulean imp is heavily wounded.
The cerulean imp barely misses you. Natasha barely misses you.
The cerulean imp barely misses you.
You shoot an arrow. The arrow barely misses Natasha.
The arrow closely misses the cerulean imp.
Natasha claws you.
You die...
Natasha curls up and begins to purr.

...... ..#...
..# ..... ..##
.... .)... .>#
..... ##..
...#..
#..##.....#
####..@....###
#..$.h<.......
......5.###.....
..###.#.# ##..
(..#.. . ....
... ...## ....
... ..... ..
......


You could see Natasha and a cerulean imp (summoned).

Vanquished Creatures
  2 worms (D:2)
  2 dart slugs
  3 endoplasms
  2 giant cockroaches (D:1)
  7 goblins
  2 hobgoblins (D:1)
  6 jackals
  2 quokkas
  2 ball pythons
  3 bats
  4 frilled lizards
  6 kobolds
  3 rats (D:2)
44 creatures vanquished.

Notes
Turn   | Place    | Note
-------+----------+-------------------------------------------
     0 | D:1      | qw the Gargoyle Hunter began the quest for the Orb.
     0 | D:1      | Reached XP level 1. HP: 12/12 MP: 1/1
     0 | D:1      | 0 ||| qw: Version: 0.3-a-76-g4403597
     0 | D:1      | 0 ||| qw: Game counter: 780
     0 | D:1      | 0 ||| qw: Melee chars always use a shield: true
     0 | D:1      | 0 ||| qw: God list: Okawaru
     0 | D:1      | 0 ||| qw: Allow faded altars: false
     0 | D:1      | 0 ||| qw: Do Orc after clearing Dungeon:15 true
     0 | D:1      | 0 ||| qw: Do second Lair branch before Depths: true
     0 | D:1      | 0 ||| qw: Lair rune preference: random
     0 | D:1      | 0 ||| qw: Goals: Normal
     0 | D:1      | 0 ||| PLANNING D:1-11
   129 | D:1      | Reached XP level 2. HP: 15/17 MP: 2/2
   263 | D:1      | Found Dyfaagad's General Store.
   270 | D:1      | 270 ||| SHOPLISTING potion of curing (39 gold, have 0).
   270 | D:1      | 270 ||| SHOPLISTING scroll of enchant armour (97 gold, have
                  | 0).
   306 | D:1      | Found Somoidu's Antique Armour Shop.
   314 | D:1      | 314 ||| SHOPLISTING ichor-stained ring mail (153 gold, have
                  | 5).
   314 | D:1      | 314 ||| SHOPLISTING pair of gloves (76 gold, have 5).
   314 | D:1      | 314 ||| SHOPLISTING ring mail (68 gold, have 5).
   429 | D:1      | Reached XP level 3. HP: 19/21 MP: 3/3
   657 | D:1      | Reached skill level 5 in Ranged Weapons
   684 | D:1      | 684 ||| READING scroll labelled LEXTAD ELUURYX.
   685 | D:1      | 685 ||| READING scroll labelled BIVEIDD OWINE.
   686 | D:1      | 686 ||| DROPPING scroll of butterflies.
  1041 | D:2      | Reached skill level 3 in Fighting
  1239 | D:2      | 1239 ||| READING scroll labelled UDUHUNARROG.
  1240 | D:2      | 1240 ||| READING scroll labelled DIREAT SITE.
  1256 | D:2      | 1256 ||| DRINKING 2 metallic green potions.
  1256 | D:2      | Gained mutation: Your natural rate of healing is unusually
                  | fast. [potion of mutation]
  1256 | D:2      | Gained mutation: You possess an exceptional clarity of
                  | mind. [potion of mutation]
  1256 | D:2      | Gained mutation: You occasionally lose the ability to drink
                  | potions when taking damage. [potion of mutation]
  1256 | D:2      | Gained mutation: You expend magic power (3 MP) to
                  | strengthen your wands. [potion of mutation]
  1257 | D:2      | 1257 ||| DRINKING potion of mutation.
  1257 | D:2      | Lost mutation: You expend magic power (3 MP) to strengthen
                  | your wands. [potion of mutation]
  1257 | D:2      | Lost mutation: You occasionally lose the ability to drink
                  | potions when taking damage. [potion of mutation]
  1257 | D:2      | Lost mutation: You possess an exceptional clarity of mind.
                  | [potion of mutation]
  1257 | D:2      | Gained mutation: You occasionally shout uncontrollably at
                  | your foes. [potion of mutation]
  1257 | D:2      | Gained mutation: You possess an exceptional clarity of
                  | mind. [potion of mutation]
  1257 | D:2      | Gained mutation: You have hidden genetic potential. [potion
                  | of mutation]
  1279 | D:3      | Reached XP level 4. HP: 28/28 MP: 4/4
  1281 | D:3      | Noticed Natasha
  1292 | D:3      | HP: 4/28 [cerulean imp/+2 spear[Natasha] (4)]
  1294 | D:3      | 1294 ||| Stepping ~*~*~tactically~*~*~ (retreating).
  1297 | D:3      | HP: 3/28 [cerulean imp/+2 spear[Natasha] (2)]
  1297 | D:3      | HP: 1/28 [cerulean imp/+2 spear[Natasha] (2)]
  1301 | D:3      | Slain by Natasha

Levels and vault maps discovered:
D:1:      zaba_arrival_water, layout_basic, serial_shops, shop, shop,
          minmay_crystal_water
D:2:      layout_basic
D:3:      layout_rooms, mainiacjoe_overflow_24_doors, nzn_wu_jian_council_hall,
          shapermc_ecumenical_altar_rom_forum, uniq_natasha,
          uniq_crazy_yiuf_cottage

Skill      XL: |  1  2  3 |
---------------+----------+-----
Ranged Weapons | 5 |  5.1
Fighting       | 3 |  3.0
Dodging        | |  1.5
Stealth        | |  1.1

Action                     |  1- 3 |  4- 6 || total
---------------------------+-------+-------++-------
   Fire: Shortbow          |   113 |    19 ||   132
    Use: Scroll            |     4 |       ||     4
         Potion            |     2 |       ||     2
 Armour: Leather armour    |    19 |    23 ||    42
  Dodge: Dodged            |    23 |    16 ||    39

Table legend:
 A = Non-vault XP
 B = Vault XP
 C = Vault XP percentage of total XP
 D = Non-vault monster count
 E = Vault monster count
 F = Vault count percentage of total count
                 A         B        C        D         E       F
            +---------+---------+-------+---------+---------+-------
      Total |      83 |       0 |   0.0 |      44 |       0 |   0.0
            +---------+---------+-------+---------+---------+-------
        D:1 |      39 |       0 |   0.0 |      22 |       0 |   0.0
        D:2 |      42 |       0 |   0.0 |      21 |       0 |   0.0
        D:3 |       2 |       0 |   0.0 |       1 |       0 |   0.0
            +---------+---------+-------+---------+---------+-------
